 Dungeon Crawl Stone Soup version 0.26.1-11-gd32895ea62 (console) character file.

Game seed: 8716486518850143798

154 Vaevictus the Skirmisher (level 5, 0/39 HPs)
             Began as an Octopode Wanderer on Apr 16, 2021.
             Slain by Grinder (6 damage)
             ... while paralysed by Grinder
             ... on level 3 of the Dungeon.
             The game lasted 00:14:50 (2868 turns).

Vaevictus the Skirmisher (Octopode Wanderer)        Turns: 2868, Time: 00:14:50

Health: 0/39       AC:  1    Str: 12    XL:     5   Next: 35%
Magic:  5/5        EV:  2    Int: 14    God:
Gold:   188        SH:  0    Dex: 12    Spells: 4/4 levels left

rFire    . . .     SeeInvis .   a - +2 short sword
rCold    . . .     Faith    .   (no shield)
rNeg     . . .     Spirit   .   (helmet restricted)
rPois    .         Reflect  .   (no amulet)
rElec    .         Harm     .   (no ring)
rCorr    .         Rampage  .   (no ring)
Will     .....                  (no ring)
Stlth    +++.......             (no ring)
HPRegen  0.13/turn              (no ring)
MPRegen  0.09/turn              (no ring)
                                (no ring)
                                (no ring)

@: paralysed
A: almost no armour, stealthy swim, amphibious, 8 rings, constrict 8, camouflage
1, gelatinous body 1
a: no special abilities


You were on level 3 of the Dungeon.
You visited 1 branch of the dungeon, and saw 3 of its levels.

You collected 188 gold pieces.

Inventory:

Hand Weapons
 a - a +2 short sword (weapon)
 b - a +0 falchion
 c - a +0 dagger
 h - a +0 hunting sling
 j - a +0 hand axe
Missiles
 e - 62 stones (quivered)
 k - 12 sling bullets
 l - 43 poisoned darts
Jewellery
 f - an uncursed ring of flight {unknown}
Scrolls
 d - 2 scrolls of identify
 g - a scroll of fear
 m - a scroll of teleportation
 r - 2 scrolls of remove curse
Potions
 i - a potion of ambrosia {unknown}
 n - a potion of flight {unknown}
 p - a potion of might {unknown}


   Skills:
 * Level 5.0 Fighting
 + Level 2.6 Short Blades
 - Level 1.8 Throwing
 - Level 1.7 Dodging
 + Level 2.6 Stealth
 - Level 2.0 Shields
 - Level 0.4 Unarmed Combat


You had 4 spell levels left.
You didn't know any spells.
Your spell library was empty.

Dungeon Overview and Level Annotations

Branches:
Dungeon (3/15)

Altars:
Kikubaaqudgha
Trog

Annotations:
D:3 Grinder, Sigmund


Innate Abilities, Weirdness & Mutations

You cannot wear most types of armour.
You are very stealthy in the water. (Stealth+)
You are amphibious.
You can wear up to eight rings at the same time.
You can use your tentacles to constrict eight enemies at once.
Your skin changes colour to match your surroundings (Stealth+).
Your rubbery body absorbs attacks. (AC +1, EV +1)


Message History

Grinder hits you!
You writhe in agony.
You hit Grinder. Your grab misses Grinder. Your squeeze misses Grinder.
Grinder is lightly wounded.
Grinder gestures at you. Pain shoots through your body!
You hit Grinder. Your grab misses Grinder.
Grinder is lightly wounded.
You closely miss Grinder. Your grab misses Grinder.
You squeeze Grinder, but do no damage.
Grinder is lightly wounded.
Grinder gestures at you.
You suddenly lose the ability to move!
Grinder gestures at you. Pain shoots through your body!
Grinder gestures at you. Pain shoots through your body!
Grinder barely misses you. Grinder hits you!
* * * LOW HITPOINT WARNING * * *
You writhe in agony.
You die...

....................#
.......[.............
...................#.
...........).......#
##########.#########
#......<.......
#.###########..
#........ #..#####.
.########..###..
......5@.......#
################


You could see Grinder.

Vanquished Creatures
  4 gnolls (D:2)
  2 adders (D:2)
  3 oozes
  2 worms (D:2)
  2 dart slugs
  A leopard gecko (D:1)
  10 goblins
  6 hobgoblins
  11 jackals
  4 bats
  3 frilled lizards
  15 kobolds
  9 rats
72 creatures vanquished.

Notes
Turn   | Place    | Note
-------+----------+-------------------------------------------
     0 | D:1      | Vaevictus the Octopode Wanderer began the quest for the
                  | Orb.
     0 | D:1      | Vaevictus set off with the following items: a +2 short
                  | sword, a +0 falchion, a potion of curing
     0 | D:1      | Reached XP level 1. HP: 17/17 MP: 1/1
   121 | D:1      | Reached XP level 2. HP: 14/23 MP: 2/2
   654 | D:1      | Reached XP level 3. HP: 12/27 MP: 3/3
  1268 | D:2      | Found an ancient bone altar of Kikubaaqudgha.
  1344 | D:2      | Reached XP level 4. HP: 19/34 MP: 4/4
  1754 | D:2      | Noticed a moth of wrath
  1756 | D:2      | Found a bloodstained altar of Trog.
  2019 | D:2      | Reached XP level 5. HP: 21/38 MP: 5/5
  2020 | D:2      | Reached skill level 5 in Fighting
  2832 | D:3      | Noticed Sigmund
  2859 | D:3      | Noticed Grinder
  2864 | D:3      | Paralysed by Grinder for 6 turns
  2868 | D:3      | Slain by Grinder

Illustrated notes

Levels and vault maps discovered:
D:1:      minmay_arrival_solitary_statue, layout_basic, minmay_tromino_v4_b
D:2:      layout_basic, tgw_trog, nicolae_overflow_crystal_walls
D:3:      layout_basic, uniq_grinder, uniq_ijyb, uniq_sigmund

Skill      XL: |  1  2  3  4  5 |
---------------+----------------+-----
Stealth        | 2 |  2.6
Shields        | 2 |  2.0
Fighting       | 5 |  5.0
Short Blades   | |  2.6
Throwing       | |  1.8
Dodging        | |  1.7
Unarmed Combat | |  0.4

Action                   |  1- 3 |  4- 6 || total
-------------------------+-------+-------++-------
Melee: Short sword       |    76 |    73 ||   149
       Constrict         |    17 |    17 ||    34
       Tentacles         |    11 |    19 ||    30
  Use: Scroll            |     2 |     4 ||     6
       Potion            |     1 |       ||     1
 Stab: Sleeping          |     2 |     4 ||     6
Armor: Skin              |     4 |     4 ||     8
Dodge: Dodged            |    43 |    41 ||    84
